 Dungeon Crawl Stone Soup version 0.30.0-10-gfe55d96785 (webtiles) character file.

Game seed: 15970682130709582450

4366 Leibowitz the Carver (level 10, -12/88 HPs)
             Began as a Minotaur Fighter on May 16, 2023.
             Was a Believer of Okawaru.
             Mangled by a vault guard
             ... wielding a +0 broad axe
              (17 damage)
             ... in a bailey.
             The game lasted 00:19:19 (7619 turns).

Leibowitz the Carver (Minotaur Fighter)             Turns: 7619, Time: 00:19:19

Health: -12/88     AC: 11    Str: 25    XL:     10   Next: 13%
Magic:  10/10      EV: 10    Int:  5    God:    Okawaru [**....]
Gold:   446        SH:  5    Dex: 10    Spells: 9/9 levels left

rFire   . . .        a - +1 long sword (vamp)
rCold   . . .        c - +0 buckler
rNeg    . . .        u - +0 chain mail
rPois   .            (helmet restricted)
rElec   .            (no cloak)
rCorr   .            (no gloves)
SInv    .            (no boots)
Will    .....        w - amulet of faith Stlth
                     (no ring)
HPRegen 0.34/turn    (no ring)
MPRegen 0.12/turn

%: faith
@: no status effects
A: horns 2, retaliatory headbutt, screaming 1
a: Renounce Religion, Heroism


You were in a bailey.
You worshipped Okawaru.
Okawaru was pleased with you.
You visited 2 branches of the dungeon, and saw 9 of its levels.
You also visited: Sewer and Bailey.

You collected 446 gold pieces.

Inventory:

Hand Weapons
 a - a +1 vampiric long sword (weapon)
 s - a +0 short sword of venom
Armour
 c - a +0 buckler (worn)
 u - a +0 chain mail (worn)
Jewellery
 b - a ring of protection from cold
 g - an amulet of reflection
 l - a ring of wizardry
 w - an amulet of faith (around neck)
Wands
 d - a wand of flame (20)
 q - a wand of iceblast (5)
 r - a wand of digging (15)
Scrolls
 i - 7 scrolls of teleportation
 j - 3 scrolls of brand weapon
 m - 5 scrolls of identify
 n - a scroll of fear
 t - a scroll of enchant weapon
Potions
 e - 4 potions of magic
 h - 9 potions of curing
 o - a potion of flight
 v - 2 potions of brilliance


   Skills:
 * Level 7.7 Fighting
 * Level 10.8 Long Blades
 * Level 9.0 Armour
 * Level 5.6 Dodging
 * Level 7.6 Shields
 + Level 1.4 Invocations


You had 9 spell levels left.
You didn't know any spells.
Your spell library contained the following spells:

 Spells                   Type           Power      Damage    Failure   Level
 Magic Dart               Conj           0%         1d3       95%         1
 Sting                    Tmut/Pois      0%         1d3       95%         1
 Ensorcelled Hibernation  Hex/Ice        0%         N/A       98%         2
 Poisonous Vapours        Pois/Air       0%         N/A       98%         2
 Mephitic Cloud           Conj/Pois/Air  0%         N/A       100%        3
 Spider Form              Tmut/Pois      0%         N/A       100%        3
 Anguish                  Hex/Necr       0%         N/A       100%        4
 Olgreb's Toxic Radiance  Pois           0%         N/A       100%        4
 Call Imp                 Summ           Unusable   N/A       N/A         2

Dungeon Overview and Level Annotations

Branches:
Dungeon (8/15)             Temple (1/1) D:7           Sewer (visited)
 Bailey (1/1)
   Lair: D:8-11

Altars:
Ashenzari
Cheibriados
Dithmenos
Elyvilon
Fedhas
Gozag
Hepliaklqana
Kikubaaqudgha
Nemelex Xobeh
Okawaru
Qazlal
Ru
Sif Muna
Trog
Uskayaw
Wu Jian
Xom
Yredelemnul
Zin
The Shining One

Annotations:
Bailey Prince Ribbit


Innate Abilities, Weirdness & Mutations

You have a pair of horns on your head.
You reflexively headbutt those who attack you in melee.
You occasionally shout uncontrollably at your foes.


Message History

You barely miss the vault guard. Your headbutt misses the vault guard.
The vault guard is lightly wounded.
Prince Ribbit blinks!
The vault guard hits you with a +0 broad axe!!
You fail to use your ability.
The vault guard hits you with a +0 broad axe!
* * * LOW HITPOINT WARNING * * *
You feel much better.
Prince Ribbit is no longer moving slowly.
You block the vault guard's attack.
You hit the vault guard but do no damage.
The vault guard is lightly wounded.
The vault guard hits you with a +0 broad axe!
You slash the vault guard!
The vault guard is moderately wounded.
You block the vault guard's attack.
You hit the vault guard but do no damage.
Your headbutt misses the vault guard.
The vault guard is moderately wounded.
The vault guard hits you with a +0 broad axe.
You block the vault guard's attack.
You hit the vault guard. Your headbutt misses the vault guard.
The vault guard is moderately wounded.
You block the vault guard's attack.
You hit the vault guard but do no damage.
The vault guard is moderately wounded.
The vault guard hits you with a +0 broad axe.
The vault guard hits you with a +0 broad axe!
* * * LOW HITPOINT WARNING * * *
You hit the vault guard but do no damage.
The vault guard is moderately wounded.
The vault guard hits you with a +0 broad axe.
* * * LOW HITPOINT WARNING * * *
The vault guard hits you with a +0 broad axe!
* * * LOW HITPOINT WARNING * * *
As you read the scroll of fear, it crumbles to dust.
You assume a fearsome visage.
The vault guard looks frightened!
Prince Ribbit easily resists.
The vault guard easily resists.
The vault guard hits you with a +0 broad axe!
You die...

####### #~~~
###≈≈≈≈≈###. #####
##≈≈~~~~~≈≈##'#...)
##≈~~~~~~~~~≈#......
#≈~~~~~~~~~≈##......
#### #~.~....~~≈#######.
:.... #..~...~.~≈≈≈#..##
!.....#.....)......#..#.
...∩.pF@.~...~~~~..)†.#.
!.....#.p..~~≈≈≈≈~~#....
?.... #.~.~≈≈####≈≈#....
#### #~..~≈### ########
#~~~.≈## ##~~.≈# ##~.≈#
###.'


You could see 2 vault guards and Prince Ribbit (poisoned).

Vanquished Creatures
  Sigmund (D:2)
  Eustachio (D:5)
  6 humans (Bailey)
  2 water moccasins
  2 ice beasts
  An ogre (D:6)
  2 sky beasts (D:6)
  A black bear (D:5)
  2 centaurs
  5 kobold brigands (Sewer)
  12 bullfrogs (Bailey)
  A scorpion (D:5)
  The ghost of puimuR the Chopper, a weakling MeMo of the Shining One (D:5)
  5 howler monkeys (D:8)
  A vampire bat (D:4)
  2 jellies (D:6)
  3 orc priests
  3 hounds
  A gnoll bouda (D:7)
  Jessica (D:2)
  A sleepcap (D:6)
  8 iguanas
  2 orc wizards (D:6)
  8 gnolls
  8 adders
  2 shadow imps (D:7)
  2 ufetubi
  3 worms
  3 dart slugs
  20 orcs
  12 ball pythons
  20 bats
  10 endoplasms
  A giant cockroach (D:4)
  8 goblins
  16 hobgoblins
  5 jackals
  4 quokkas
  3 frilled lizards
  13 kobolds
  8 rats
210 creatures vanquished.

Notes
Turn   | Place    | Note
-------+----------+-------------------------------------------
     0 | D:1      | Leibowitz the Minotaur Fighter began the quest for the Orb.
     0 | D:1      | Reached XP level 1. HP: 19/19 MP: 0/0
   201 | D:1      | Reached XP level 2. HP: 27/27 MP: 1/1
   264 | D:1      | Found a faded altar of an unknown god.
   757 | D:2      | Noticed Sigmund
   762 | D:2      | You fall into a shaft and drop 2 floors!
   790 | D:4      | Reached skill level 3 in Long Blades
   790 | D:4      | Reached XP level 3. HP: 33/33 MP: 2/2
   806 | D:4      | Reached skill level 1 in Dodging
   836 | D:4      | Reached XP level 4. HP: 22/40 MP: 3/3
   937 | D:4      | Found a glowing drain.
   954 | Sewer    | Entered a sewer
  1072 | Sewer    | Noticed a kobold brigand
  1084 | Sewer    | Killed a kobold brigand
  1085 | Sewer    | Reached skill level 4 in Long Blades
  1085 | Sewer    | Reached XP level 5. HP: 13/47 MP: 4/4
  1358 | Sewer    | Reached skill level 5 in Shields
  1358 | Sewer    | Reached XP level 6. HP: 20/53 MP: 5/5
  1658 | Sewer    | Reached skill level 5 in Armour
  1769 | Sewer    | Reached skill level 5 in Long Blades
  1920 | Sewer    | Gained mutation: You occasionally shout uncontrollably at
                  | your foes. [potion of mutation]
  2023 | D:4      | Reached XP level 7. HP: 60/60 MP: 6/6
  2383 | D:4      | Found a basalt altar of Yredelemnul.
  2392 | D:4      | Found a hide-covered altar of Uskayaw.
  2436 | D:4      | Reached skill level 6 in Long Blades
  2471 | D:5      | Entered Level 5 of the Dungeon
  2505 | D:5      | Reached skill level 5 in Fighting
  2569 | D:5      | Noticed puimuR's ghost (weakling MeMo)
  2572 | D:5      | Found a transporter.
  2631 | D:5      | Found a transporter.
  2710 | D:5      | Found a glowing golden altar of the Shining One.
  2811 | D:5      | Found a shimmering altar of Xom.
  2814 | D:5      | Found a sparkling altar of Nemelex Xobeh.
  2817 | D:5      | Found a bloodstained altar of Trog.
  2820 | D:5      | Found a broken altar of Ashenzari.
  2941 | D:5      | Noticed Eustachio
  2949 | D:5      | Killed Eustachio
  2950 | D:5      | Reached skill level 7 in Long Blades
  3028 | D:5      | Found an ancient bone altar of Kikubaaqudgha.
  3055 | D:5      | Reached XP level 8. HP: 59/69 MP: 7/7
  3283 | D:5      | Identified the +4 trident of Plague {flame, rF- rN++ rCorr
                  | Dex+2}
  3975 | D:6      | Reached skill level 8 in Long Blades
  4650 | D:7      | Reached skill level 9 in Long Blades
  4650 | D:7      | Reached XP level 9. HP: 77/77 MP: 8/8
  4704 | D:7      | Found a staircase to the Ecumenical Temple.
  4712 | Temple   | Entered the Ecumenical Temple
  4953 | Temple   | Became a worshipper of Warmaster Okawaru
  5950 | D:2      | Noticed Jessica
  5957 | D:2      | Killed Jessica
  5995 | D:2      | Killed Sigmund
  6760 | D:5      | Killed puimuR's ghost
  7438 | D:8      | Found a flagged portal.
  7461 | Bailey   | Entered a bailey
  7470 | Bailey   | Reached * piety under Okawaru
  7471 | Bailey   | Reached skill level 10 in Long Blades
  7493 | Bailey   | Reached skill level 5 in Dodging
  7509 | Bailey   | Reached ** piety under Okawaru
  7522 | Bailey   | Reached skill level 1 in Invocations
  7526 | Bailey   | Reached XP level 10. HP: 77/86 MP: 8/10
  7598 | Bailey   | Noticed a vault guard
  7598 | Bailey   | Noticed Prince Ribbit
  7606 | Bailey   | Noticed a vault guard
  7618 | Bailey   | HP: 4/88 [vault guard/+0 broad axe (13)]
  7619 | Bailey   | Mangled by a vault guard

Illustrated notes

Levels and vault maps discovered:
D:1:      ncdulo_smallfort, layout_loops_ring, ebering_ecumenical_altar_rust,
          minmay_shallow_snake_nest
D:2:      layout_loops_corners, uniq_sigmund, uniq_jessica
D:3:      layout_loops_ring
D:4:      layout_gridville, mainiacjoe_overflow_swirl,
          cheibrodos_sewer_entry_sluice, roderic_batcave, serial_bayou_pond_a,
          corexii_item_surrounded_by_moat, st_stairs_13,
          kennysheep_pointless_box, patterned_corridor
D:5:      black_bear_nest_1, layout_loops_ring,
          grunt_temple_overflow_cloverleaf, lemuel_doored_altar,
          gammafunk_ghost_arena, kennysheep_diamond, kennysheep_generic_room_9,
          uniq_eustachio
D:6:      layout_basic, ebering_dispersal_statue_hall
D:7:      layout_basic, minmay_temple_entry_nine_rooms
D:8:      layout_gridville, enter_bailey_4
Temple:   oiseaux_autumnal_temple
Bailey:   bailey_axe_froggy_fort_hellmonk, bailey

Skill      XL: |  1  2  3  4  5  6  7  8  9 10 |
---------------+-------------------------------+-----
Armour         | 4 5 6 7 8 9 |  9.0
Fighting       | 4 5 6 7 |  7.7
Long Blades    | 3 4 5 7 9 10 | 10.8
Shields        | 4 5 6 7 |  7.6
Dodging        | 1 2 3 4 5 |  5.6
Invocations    | 1 |  1.4

Action                     |  1- 3 |  4- 6 |  7- 9 | 10-12 || total
---------------------------+-------+-------+-------+-------++-------
  Melee: Long sword        |    69 |   156 |   372 |    37 ||   634
         Headbutt          |     5 |    22 |    70 |     6 ||   103
  Throw: Dart              |       |       |       |     1 ||     1
 Invoke: Heroism           |       |       |     1 |       ||     1
    Use: Scroll            |     4 |     2 |     4 |     1 ||    11
         Potion            |     2 |     6 |     5 |     1 ||    14
 Armour: Scale mail        |    23 |    39 |    49 |       ||   111
         Chain mail        |       |       |    89 |     5 ||    94
  Dodge: Dodged            |    35 |    58 |   173 |    18 ||   284
  Block: Buckler           |    44 |    54 |   149 |    11 ||   258
         Reflection        |       |     2 |     4 |       ||     6
